 Dungeon Crawl Stone Soup version 0.18-a0-1312-gf98331d (webtiles) character file.

1692 Rottenbandages the Martial Artist (level 8, -1/64 HPs)
             Began as a Mummy Monk on Feb 14, 2016.
             Killed from afar by Sigmund (10 damage)
             ... with a puff of flame
             ... on level 6 of the Dungeon.
             The game lasted 00:18:05 (9839 turns).

Rottenbandages the Martial Artist (Mummy Monk)      Turns: 9839, Time: 00:18:05

Health: -1/64      AC:  3    Str: 14    XL:     8   Next: 72%
Magic:  17/17      EV: 15    Int:  9    God:
Gold:   263        SH:  0    Dex: 17    Spells: 0 memorised, 7 levels left

rFire  x . .     SeeInvis .       - Unarmed
rCold  + . .     Gourm    .     (no armour)
rNeg   + + +     Faith    .     (no shield)
rPois  ∞         Spirit   .     e - +0 hat
rElec  .         Dismiss  .     k - +2 cloak
rCorr  +         Reflect  .     (no gloves)
SustAt .         Harm     .     (no boots)
MR     +....                    (no amulet)
Stlth  ++........               n - ring of magical power {Mahou Shoujo MuMo}
                                j - ring of resist corrosion {Ring of free xp}

@: very slightly contaminated, somewhat resistant to hostile enchantments,
unstealthy
A: no food or potions, fire vulnerability, cold resistance 1, negative energy
resistance 3, torment resistance, unbreathing
a: no special abilities


You were on level 6 of the Dungeon.
You were not hungry.

You visited 1 branch of the dungeon, and saw 7 of its levels.

You collected 263 gold pieces.


Innate Abilities, Weirdness & Mutations

You do not eat or drink.
Your flesh is vulnerable to fire.
You are immune to poison.
Your flesh is cold resistant.
You are immune to negative energy.
You are immune to unholy pain and torment.
You can survive without breathing.


   Skills:
 - Level 6.0 Fighting
 + Level 4.6 Dodging
 - Level 1.5 Stealth
 - Level 8.0 Unarmed Combat


You had 7 spell levels left.
You didn't know any spells.

Inventory:

Armour
 e - a +0 hat (worn)
 k - a +2 cloak (worn)
Jewellery
 j - a ring of resist corrosion (left hand) {Ring of free xp}
 n - a ring of magical power (right hand) {Mahou Shoujo MuMo}
Scrolls
 a - 2 scrolls of amnesia
 b - a scroll of blinking
 d - 3 scrolls of enchant weapon
 f - 2 scrolls of recharging
 g - 4 scrolls of teleportation {@r4}
 h - 2 scrolls of immolation {!r}
 i - a scroll of enchant armour {unknown}
 l - a scroll of noise {unknown}
 m - a scroll of fear {unknown}
 o - a scroll of remove curse {unknown}
Books
 c - a book of Frost (quivered) {Ward against Fire}

   Spells                             Type                      Level
   a - Freeze                         Ice                          1
   b - Throw Frost                    Conjuration/Ice              2
   c - Ozocubu's Armour               Charms/Ice                   3
   d - Throw Icicle                   Conjuration/Ice              4
   e - Summon Ice Beast               Ice/Summoning                4
 p - a book of Air

   Spells                             Type                      Level
   a - Shock                          Conjuration/Air              1
   b - Swiftness                      Charms/Air                   2
   c - Repel Missiles                 Charms/Air                   2
   d - Static Discharge               Conjuration/Air              3
   e - Lightning Bolt                 Conjuration/Air              5

Dungeon Overview and Level Annotations

Branches:
Dungeon (7/15)             Temple (0/1) D:7

Altars:
Ashenzari
Fedhas
Kikubaaqudgha
Makhleb
Pakellas
Ru
Vehumet
Xom

Shops:
D:4 :

Annotations:
D:3 Kuruc's ghost, amateur DrBe; Terence
D:4 Natasha
D:5 exclusion: 2 downstairs
D:6 exclusion: downstairs, Sigmund
D:7 !Joseph, exclusions: downstairs, killer bee, ogre and upstairs, Joseph

▒▒▒.....▒▒.▒▒▒▒▒▒.▒▒....▒
..................▒▒....▒
▒▒▒...).▒▒.▒▒▒▒▒▒▒▒▒▒...▒
▒...@.▒▒<.........▒...▒
▒.....▒▒[)...(....▒...▒
▒!....▒▒..........▒...▒
▒.....▒▒.........[▒...▒▒▒
▒.....▒▒..........▒......
▒▒▒▒▒.▒▒@.........▒...▒▒▒
▒▒▒▒▒▒.▒▒).........▒.▒.▒
▒..................▒.▒.▒▒
▒......(...▒▒▒▒▒▒▒▒▒.▒..▒
▒..........▒ ▒.▒▒.▒▒
▒..........▒ ▒.▒▒).▒
▒......){..▒ ▒.▒▒▒.▒
▒......#...▒ ▒.▒ ▒.▒
▒▒▒▒▒▒.▒▒▒▒▒ ▒.▒ ▒.%


There were no monsters in sight!


Message History

You miss something. You barely miss something.
Something hits you but does no damage.
You miss something. Something barely misses you.
You punch something! You barely miss something. Something hits you!
You miss something. You miss something. Something hits you!
You closely miss something. Something hits you.
You barely miss something. You miss something. Something hits you.
You punch something! You hit something but do no damage.
You hear some strange, mumbled words.
A puff of flame appears from out of thin air!
The puff of flame hits you! The fire burns you terribly!
* * * LOW HITPOINT WARNING * * *
You closely miss something. Something hits you!
* * * LOW HITPOINT WARNING * * *
You hit something. You hit something but do no damage.
Something barely misses you.
You closely miss something. You hit something but do no damage.
You punch something. Something hits you.
* * * LOW HITPOINT WARNING * * *
Read which item? (? for menu, Esc to quit)
Blink to where?
You are very lightly contaminated with residual magic.
As you read the scroll of blinking, it crumbles to dust.
A puff of flame appears from out of thin air!
The puff of flame hits you! The fire burns you terribly!
You die...

Action                   |  1- 3 |  4- 6 |  7- 9 || total
-------------------------+-------+-------+-------++-------
Melee: Unarmed           |   147 |   230 |   387 ||   764
  Use: Scroll            |       |       |     7 ||     7
 Stab: Sleeping          |     6 |     8 |     3 ||    17

Vault maps used:
D:1:      lightli_arrival_lavapool
D:2:      marbit_many_paths
D:3:      old_standard_altar, uniq_terence
D:4:      tgw_fedhas, gammafunk_pakellas_spire_experiment, first_bread,
          serial_shops, shop, minivault_23, uniq_menkaure, uniq_natasha
D:5:      lemuel_doored_altar, nicolae_ru_great_annihilating_truth
D:6:      fiery_altar_vehumet, uniq_sigmund
D:7:      grunt_temple_overflow_gold_and_silver, xom_butterflies,
          minmay_temple_entry_enclosed_plants, grunt_ogre_cave, uniq_joseph

Notes
Turn   | Place    | Note
--------------------------------------------------------------
     0 | D:1      | Rottenbandages the Mummy Monk began the quest for the Orb.
     0 | D:1      | Reached XP level 1. HP: 18/18 MP: 1/1
   424 | D:1      | Reached XP level 2. HP: 20/24 MP: 2/2
  1031 | D:1      | Reached skill level 4 in Unarmed Combat
  1363 | D:2      | Reached XP level 3. HP: 29/29 MP: 3/3
  2017 | D:2      | Found a burning altar of Makhleb.
  2083 | D:2      | Reached XP level 4. HP: 9/35 MP: 4/4
  2554 | D:2      | Reached skill level 5 in Unarmed Combat
  3004 | D:3      | Noticed Kuruc's ghost (amateur DrBe)
  3147 | D:3      | Noticed Terence
  3655 | D:3      | Found an ancient bone altar of Kikubaaqudgha.
  3670 | D:3      | Reached XP level 5. HP: 39/41 MP: 5/5
  3963 | D:4      | Reached skill level 4 in Fighting
  4190 | D:4      | Found Laikhlin's Book Emporium.
  4229 | D:4      | Noticed Menkaure
  4569 | D:4      | Reached skill level 5 in Fighting
  4652 | D:4      | Reached XP level 6. HP: 51/51 MP: 6/6
  4673 | D:4      | Found a blossoming altar of Fedhas.
  4680 | D:4      | Noticed Natasha
  4875 | D:4      | Found an oddly glowing altar of Pakellas.
  4876 | D:4      | Noticed a deep elf knight
  4880 | D:4      | Killed a deep elf knight
  5047 | D:4      | Killed Menkaure
  5047 | D:4      | Reached skill level 3 in Dodging
  5305 | D:5      | Entered Level 5 of the Dungeon
  5449 | D:5      | Found a shattered altar of Ashenzari.
  5492 | D:5      | Found a sacrificial altar of Ru.
  5503 | D:5      | Reached skill level 4 in Dodging
  5574 | D:5      | Reached XP level 7. HP: 26/56 MP: 7/7
  6789 | D:6      | Reached skill level 6 in Unarmed Combat
  7116 | D:6      | Noticed Sigmund
  7488 | D:6      | Reached XP level 8. HP: 21/62 MP: 8/8
  8067 | D:6      | Reached skill level 7 in Unarmed Combat
  8266 | D:6      | Found a radiant altar of Vehumet.
  8885 | D:7      | Noticed Joseph
  8932 | D:7      | Found a shimmering altar of Xom.
  9002 | D:7      | Reached skill level 8 in Unarmed Combat
  9040 | D:7      | Found a staircase to the Ecumenical Temple.
  9285 | D:7      | silver
  9285 | D:7      | that's extremely new
  9533 | D:6      | Reached skill level 6 in Fighting
  9544 | D:7      | heh
  9544 | D:7      | HA
  9577 | D:6      | HAHAHA
  9819 | D:6      | oh well
  9839 | D:6      | Killed from afar by Sigmund

Vanquished Creatures
  A hungry ghost (D:7)
  Menkaure (D:4)
  2 ice beasts
  A centaur (D:6)
  2 giant frogs
  2 scorpions (D:5)
  A water moccasin skeleton (D:7)
  A killer bee (D:7)
  A centaur zombie (D:6)
  2 crimson imps (D:6)
  4 hounds
  6 orc wizards
  A centaur skeleton (D:6)
  2 giant frog skeletons
  An iguana (D:5)
  4 worker ants
  2 hound skeletons (D:6)
  A worker ant zombie (D:6)
  10 adders
  2 shadow imps (D:5)
  An ooze (D:3)
  2 adder skeletons
  4 worms
  4 giant geckos
  7 orcs
  3 ball pythons
  6 giant cockroaches
  5 goblins
  12 hobgoblins
  12 jackals
  A quokka (D:5)
  7 bats
  5 giant newts
  15 kobolds
  A quokka skeleton (D:7)
  8 rats
  A butterfly (D:7)
141 creatures vanquished.

Vanquished Creatures (others)
  A deep elf knight (D:4)
  A quokka (D:6)
2 creatures vanquished.

Grand Total: 143 creatures vanquished
